 Dungeon Crawl Stone Soup version 0.32-a0-931-g5a2cda0 (webtiles) character file.

Game seed: 13191969282220079119

1372 spidder the Ruffian (level 8, -3/70 HPs)
             Began as a Red Draconian Shapeshifter on Apr 12, 2024.
             Was a Priest of Beogh.
             Slain by Arkwar the orc apostle
             ... wielding a +3 war axe of venom
              (6 damage)
             ... on level 6 of the Dungeon.
             The game lasted 00:13:56 (4524 turns).

spidder the Ruffian (Red Draconian Shapeshifter)    Turns: 4524, Time: 00:13:58

Health: -3/70      AC:  6    Str: 19    XL:     8   Next: 38%
Magic:  6/8        EV: 17    Int: 10    God:    Beogh [***...]
Gold:   355        SH:  5    Dex: 11    Spells: 7/7 levels left

rFire   + .          .
                       - Unarmed
rCold   . . .        (no shield)
rNeg    . . .        (body armour unavailable)
rPois   .            (helmet currently unavailable)
rElec   .            (cloak currently unavailable)
rCorr   .            (gloves currently unavailable)
SInv    +            (boots currently unavailable)
Will    .....        h - amulet of reflection
Stlth   +            o - ring of see invisible
HPRegen 0.31/turn    l - +5 ring of evasion
MPRegen 0.11/turn

%: reflection
@: beast-form
A: beast (slay +3), combustion breath, AC +6, unfitting armour, fire resistance
1, cold-blooded
a: Combustion Breath, Begin Untransformation, Renounce Religion, Smiting, Recall
Apostles, Dismiss Urtork, warrior


You were on level 6 of the Dungeon.
You worshipped Beogh.
Beogh was most pleased with you.
You were a hulking beast.
You visited 1 branch of the dungeon, and saw 6 of its levels.

You collected 355 gold pieces.

Inventory:

Hand Weapons
 r - a +0 whip
Jewellery
 a - a ring of ice
 f - an amulet of magic regeneration
 h - an amulet of reflection (around neck)
 l - a +5 ring of evasion (right hand)
 o - a ring of see invisible (left hand)
Talismans
 b - a beast talisman (active)
 c - a flux talisman
 s - a serpent talisman
 t - a dragon-blood talisman
Scrolls
 g - 4 scrolls of teleportation
 i - 3 scrolls of identify
 m - 2 scrolls of fear
 q - a scroll of enchant armour
Potions
 d - a potion of attraction
 e - 3 potions of degeneration
 j - 4 potions of brilliance
 n - 2 potions of haste
 p - a potion of magic {unknown}


   Skills:
 + Level 5.6 Fighting
 + Level 5.0 Dodging
 + Level 5.9 Unarmed Combat
 + Level 5.5 Shapeshifting


You had 7 spell levels left.
You didn't know any spells.
Your spell library contained the following spells:

 Spells                   Type           Power      Damage    Failure   Level
 Slow                     Hex            0%         N/A       36%         1
 Blink                    Tloc           0%         N/A       50%         2
 Lesser Beckoning         Tloc           0%         N/A       50%         2
 Mercury Vapours          Alch/Air       0%         N/A       50%         2
 Momentum Strike          Conj/Tloc      0%         3d8       50%         2
 Confusing Touch          Hex            0%         N/A       75%         3
 Mephitic Cloud           Conj/Alch/Air  0%         N/A       75%         3
 Tukima's Dance           Hex            0%         N/A       75%         3
 Vampiric Draining        Necr           0%         2d6       75%         3
 Anguish                  Hex/Necr       0%         N/A       98%         4
 Cause Fear               Hex            0%         N/A       98%         4
 Dimensional Bullseye     Hex/Tloc       0%         N/A       98%         4
 Iskenderun's Mystic Bla Conj/Tloc 0%             2d3        (+2d1     98%         4
 Freezing Cloud           Conj/Ice/Air   0%         6-21      100%        5
 Enfeeble                 Hex            0%         N/A       100%        7


Dungeon Overview and Level Annotations

Branches:
Dungeon (6/15)
 Temple: D:4-7

Altars:
Okawaru
Qazlal
Sif Muna
Beogh

Shops:
D:1 [

Annotations:
D:2 1 runed translucent door, Crazy Yiuf


Innate Abilities, Weirdness & Mutations

You are a hulking beast.
Your limbs bulge with bestial killing power. (Slay +3)
Your facial features are unmistakably orcish.
You can breathe blasts of explosive embers.
Your fiery red scales are hard. (AC +6)
You cannot fit into any form of body armour.
Your flesh is heat resistant. (rF+)
You are cold-blooded and may be slowed by cold attacks.


Message History

Arkwar hits Urtork with a +3 war axe of venom!
Urtork looks as sick as possible!
The cerulean imp closely misses you.
Urtork barely misses Arkwar.
Arkwar hits Urtork but does no damage.
You block the cerulean imp's attack.
Urtork hits Arkwar with a +2 dire flail of venom!
Arkwar is poisoned.
Arkwar hits Urtork with a +3 war axe of venom!
The cerulean imp misses you.
Urtork closely misses Arkwar.
Arkwar hits Urtork but does no damage.
Urtork looks as sick as possible!
The cerulean imp closely misses you.
Urtork hits Arkwar with a +2 dire flail of venom.
Arkwar invokes the aid of Beogh against you.
Beogh smites you!
* * * LOW HITPOINT WARNING * * *
You feel better.
The cerulean imp hits you from afar with a +2 spear.
* * * LOW HITPOINT WARNING * * *
Urtork barely misses Arkwar.
Arkwar hits Urtork with a +3 war axe of venom!
Urtork looks as sick as possible!
You feel better.
The cerulean imp hits you from afar with a +2 spear.
* * * LOW HITPOINT WARNING * * *
Urtork closely misses Arkwar.
Arkwar hits Urtork with a +3 war axe of venom.
Urtork looks as sick as possible!
You swap places.
The cerulean imp hits you but does no damage.
Arkwar invokes the aid of Beogh against you.
Beogh smites you!
* * * LOW HITPOINT WARNING * * *
You punch Arkwar!
Arkwar is moderately wounded.
The cerulean imp hits you with a +2 spear.
* * * LOW HITPOINT WARNING * * *
Arkwar hits you with a +3 war axe of venom.
You die...
Beogh appreciates Arkwar's killing of a heretic priest.

### #.##########
#..........#
#o########.#
#h#......#.#
......5o#.####.#.#
........#.#....#.#
........#.#.####.#
........#........#
........###.######
........#<#.#
.....>#.#...#
#####


You could see Arkwar the orc apostle (very poisoned, ally target, divinely
empowered), a cerulean imp (summoned) and the friendly Urtork the orc apostle
(extremely poisoned).

Vanquished Creatures
  A wyvern (D:4)
  An ogre (D:4)
  A lemure (D:6)
  Blork the orc (D:4)
  A bombardier beetle (D:5)
  3 orc priests (D:3)
  Jessica (D:2)
  2 iguanas
  3 orc wizards
  Terence (D:2)
  A sleepcap (D:4)
  4 adders
  A shadow imp (D:6)
  4 ufetubi (D:5)
  3 dart slugs
  3 ribbon worms
  17 orcs
  4 bats
  3 endoplasms
  4 giant cockroaches
  4 goblins
  8 hobgoblins
  3 jackals (D:2)
  4 kobolds
  3 quokkas
  5 ball pythons
  4 frilled lizards
  6 rats
96 creatures vanquished.

Vanquished Creatures (collateral kills)
  Pikel (D:6)
  3 lemures (D:6)
  A kobold brigand (D:5)
  An iguana (D:5)
  An orc wizard (D:6)
  2 ufetubi (D:5)
  A ribbon worm (D:5)
  An orc (D:6)
11 creatures vanquished.

Grand Total: 107 creatures vanquished

Notes
Turn   | Place    | Note
-------+----------+-------------------------------------------
     0 | D:1      | spidder the Draconian Shapeshifter began the quest for the
                  | Orb.
     0 | D:1      | Reached XP level 1. HP: 16/16 MP: 1/1
   111 | D:1      | Found Reip's Antique Armour Emporium.
   215 | D:1      | Reached XP level 2. HP: 23/23 MP: 2/2
   498 | D:1      | Found a faded altar of an unknown god.
   588 | D:1      | Prayed at the altar of an unknown god.
   588 | D:1      | Became a worshipper of Beogh the Shepherd
   588 | D:1      | Reached * piety under Beogh
   730 | D:2      | Noticed Jessica
   730 | D:2      | Noticed Terence
   746 | D:2      | Killed Terence
   747 | D:2      | Reached XP level 3. HP: 29/29 MP: 3/3
   751 | D:2      | Killed Jessica
   752 | D:2      | Reached XP level 4. HP: 36/36 MP: 4/4
   830 | D:2      | Found a runed translucent door.
   831 | D:2      | Noticed Crazy Yiuf
  1290 | D:2      | Reached ** piety under Beogh
  1581 | D:3      | Reached XP level 5. HP: 14/44 MP: 5/5
  2487 | D:3      | Found an iron altar of Okawaru.
  2791 | D:4      | Noticed an ogre
  2797 | D:4      | Killed an ogre
  2798 | D:4      | Reached XP level 6. HP: 51/51 MP: 6/6
  2912 | D:4      | Noticed Blork the orc
  2936 | D:4      | Killed Blork the orc
  3042 | D:4      | Noticed a wyvern
  3064 | D:4      | Killed a wyvern
  3065 | D:4      | Your scales start taking on a fiery red colour.
  3065 | D:4      | Reached XP level 7. HP: 29/59 MP: 7/7
  3065 | D:4      | Gained mutation: Your flesh is heat resistant. (rF+) [Red
                  | Draconian growth]
  3464 | D:4      | Reached *** piety under Beogh
  3490 | D:4      | Noticed Urtork
  3510 | D:4      | Anointed Urtork the warrior as your apostle
  3774 | D:5      | Entered Level 5 of the Dungeon
  4091 | D:5      | Reached skill level 5 in Unarmed Combat
  4338 | D:5      | Reached skill level 5 in Shapeshifting
  4387 | D:5      | Found a shimmering blue altar of Sif Muna.
  4396 | D:5      | Found a stormy altar of Qazlal.
  4458 | D:6      | Noticed Pikel
  4503 | D:6      | Noticed Arkwar
  4515 | D:6      | Killed Pikel
  4516 | D:6      | Reached skill level 5 in Fighting
  4516 | D:6      | Reached skill level 5 in Dodging
  4516 | D:6      | Reached XP level 8. HP: 14/70 MP: 5/8
  4524 | D:6      | HP: 3/70 [cerulean imp/+2 spear[Arkwar the orc apostle]
                  | (1)]
  4524 | D:6      | Slain by Arkwar the orc apostle

Illustrated notes

Levels and vault maps discovered:
D:1:      shiori_shiawase, layout_loops_ring, shapermc_ecumenical_altar_petra,
          serial_shops, nicolae_shop_stone, minmay_tromino_mix6
D:2:      layout_basic, uniq_jessica, uniq_crazy_yiuf_cottage, uniq_terence
D:3:      layout_rooms, hellmonk_okawaru_the_only_friend_you_need,
          serial_co_window_serial, co_window_paths_b,
          co_window_of_opportunity_a, co_window_of_opportunity_a,
          co_window_paths_a, co_window_corner_a, co_window_broadway_a,
          co_window_broadway_a, co_window_broadway_b, co_window_unsneaky_path_a,
          co_window_paths_c, co_window_of_opportunity_c, co_window_broadway_a,
          glass_columns_b, glass_columns_a, glass_columns_b, glass_columns_b,
          minmay_misc_feat_ornament
D:4:      layout_basic, chequers_decorated_corner, uniq_blork_the_orc
D:5:      layout_basic, mainiacjoe_overflow_swirl
D:6:      layout_basic, minmay_temple_entry_wispy,
          kennysheep_opposing_triangles, uniq_pikel, uniq_duvessa, uniq_edmund

Skill      XL: |  1  2  3  4  5  6  7 |
---------------+----------------------+-----
Dodging        | 2 3 5 |  5.0
Fighting       | 2 3 4 5 |  5.6
Unarmed Combat | 4 5 |  5.9
Shapeshifting  | 4 5 |  5.5

Action                     |  1- 3 |  4- 6 |  7- 9 || total
---------------------------+-------+-------+-------++-------
  Melee: Unarmed           |    61 |   180 |    82 ||   323
         Tailslap          |     3 |    25 |    18 ||    46
         Punch             |     1 |     4 |     2 ||     7
 Invoke: Smiting           |       |       |     1 ||     1
         Recruit Apostle   |       |       |     1 ||     1
Ability: Combustion Breath |       |       |     3 ||     3
    Use: Potion            |     2 |     2 |     3 ||     7
         Scroll            |       |    13 |     3 ||    16
 Armour: Skin              |    46 |   115 |    42 ||   203
  Dodge: Dodged            |    25 |    79 |    74 ||   178
  Block: Other             |       |    34 |    19 ||    53
         Reflection        |       |     1 |     1 ||     2

Table legend: (Time is in decaauts)
 A = Elapsed time spent in this place.
 B = Non-inter-level travel time spent in this place.
 C = Inter-level travel time spent in this place.
 D = Time resting spent in this place.
 E = Time spent auto-exploring this place.
 F = Levels seen in this place.
 G = Mean time per level.
                   A        B        C        D        E       F      G
               +--------+--------+--------+--------+--------+-----+--------+
         Total |   4505 |   4349 |    156 |      0 |   3629 |   6 |  750.8 |
       Dungeon |   4505 |   4349 |    156 |      0 |   3629 |   6 |  750.8 |
               +--------+--------+--------+--------+--------+-----+--------+

Top non-repeatable levels by time:
     D:3: 1169 daAuts
     D:4: 1063 daAuts
     D:2: 805 daAuts
     D:1: 724 daAuts
     D:5: 645 daAuts
     D:6: 98 daAuts
